 Seeded DCSS version 0.31-a0-1570-g93c622d222 (webtiles) character file.

Game seed: 4509902032046707754 (custom seed)

2 innerfire43 the Slasher (level 1, -1/13 HPs)
             Began as a Demonspawn Wanderer on Jan 3, 2024.
             Slain by a quokka (2 damage)
             ... on level 1 of the Dungeon.
             The game lasted 00:00:17 (27 turns).

innerfire43 the Slasher (Demonspawn Wanderer)         Turns: 27, Time: 00:00:18

Health: -1/13      AC:  2    Str: 10    XL:     1   Next: 33%
Magic:  2/2        EV: 10    Int: 12    God:
Gold:   0          SH:  4    Dex: 14    Spells: 2/2 levels left

rFire   . . .        a - +0 long sword
rCold   . . .        b - +0 buckler
rNeg    . . .        d - +0 robe
rPois   .            (no helmet)
rElec   .            (no cloak)
rCorr   .            (no gloves)
SInv    .            (no boots)
Will    .....        (no amulet)
Stlth   ++           (no ring)
HPRegen 0.22/turn    (no ring)
MPRegen 0.08/turn

%: no passive effects
@: no status effects
A: no striking features
a: no special abilities


You were on level 1 of the Dungeon.
You visited 1 branch of the dungeon, and saw 1 of its levels.

Inventory:

Hand Weapons
 a - a +0 long sword (weapon)
Armour
 b - a +0 buckler (worn)
 d - a +0 robe (worn)
Scrolls
 c - a scroll of fog


   Skills:
 + Level 0.1 Fighting
 * Level 4.5 Long Blades
 - Level 1.0 Armour
 + Level 0.1 Dodging
 - Level 1.0 Stealth
 * Level 1.1 Shields
 - Level 1.0 Spellcasting
 - Level 1.0 Alchemy


You had 2 spell levels left.
You didn't know any spells.
Your spell library contained the following spells:

 Spells                   Type           Power      Damage    Failure   Level
 Mercury Vapours          Alch/Air       2%         N/A       47%         2
 Cigotuvi's Dreadful Rot  Necr/Alch/Air  2%         N/A       50%         2


Dungeon Overview and Level Annotations

Branches:
Dungeon (1/15)

Altars:


Message History

Press ? for a list of commands and other information.
Found a staircase leading out of the dungeon.
You begin with the following items: a +0 long sword, a +0 buckler, a scroll of fog, a +0 robe; and the following spells available to memorise: Mercury Vapours, Cigotuvi's Dreadful Rot.
There is a staircase leading out of the dungeon here.
Found an escape hatch in the floor.
A hobgoblin comes into view.
The hobgoblin moves out of view.
A bat and a quokka come into view.
There are monsters nearby!
You slash the hobgoblin!
You kill the hobgoblin!
The bat closely misses you.
You hit the bat but do no damage. The bat closely misses you.
The quokka bites you but does no damage.
You block the quokka's attack.
You barely miss the bat. The bat hits you. The quokka bites you.
You closely miss the quokka. The bat hits you but does no damage.
You block the bat's attack. The quokka barely misses you. The quokka bites you.
You closely miss the bat. The bat barely misses you. The quokka bites you.
The bat hits you but does no damage.
You slash the bat!
You kill the bat!
You block the quokka's attack. The quokka barely misses you.
You hit the quokka.
The quokka is moderately wounded.
The quokka bites you.
* * * LOW HITPOINT WARNING * * *
You are too injured to fight recklessly!
You barely miss the quokka.
The quokka is moderately wounded.
The quokka bites you but does no damage. x2
You barely miss the quokka.
The quokka is moderately wounded.
The quokka bites you.
* * * LOW HITPOINT WARNING * * *
You closely miss the quokka.
The quokka is moderately wounded.
The quokka bites you.
You die...

#+#### #....######## #
#............. .#
#.#..#....... ..#
#.#.###.....###...
#.#..#.......#..#
#.#.............#
...####@......>#......#
.......r#.....###.....#
.......†#......#<.....#
........#.............#
........#..#.......#....
........#.###.....###...
........#..#.......# ...
........#............ ..
...................... .


You could see a quokka.

Vanquished Creatures
  A bat (D:1)
  A hobgoblin (D:1)
2 creatures vanquished.

Notes
Turn   | Place    | Note
-------+----------+-------------------------------------------
     0 | D:1      | innerfire43 the Demonspawn Wanderer began the quest for the
                  | Orb.
     0 | D:1      | innerfire43 set off with the following items: a +0 long
                  | sword, a +0 buckler, a scroll of fog, a +0 robe; and the
                  | following spells available to memorise: Mercury Vapours,
                  | Cigotuvi's Dreadful Rot.
     0 | D:1      | Reached XP level 1. HP: 13/13 MP: 2/2
    27 | D:1      | Slain by a quokka

Illustrated notes

Levels and vault maps discovered:
D:1:      minmay_arrival_five_plusses, layout_basic,
          shapermc_ecumenical_altar_venn

Action                     || total
---------------------------++-------
  Melee: Long sword        ||    10
 Armour: Robe              ||    12
  Dodge: Dodged            ||     5
  Block: Buckler           ||     3

Table legend: (Time is in decaauts)
 A = Elapsed time spent in this place.
 B = Non-inter-level travel time spent in this place.
 C = Inter-level travel time spent in this place.
 D = Time resting spent in this place.
 E = Time spent auto-exploring this place.
 F = Levels seen in this place.
 G = Mean time per level.
                   A        B        C        D        E       F      G
               +--------+--------+--------+--------+--------+-----+--------+
         Total |     29 |     29 |      0 |      0 |     13 |   1 |   29.0 |
       Dungeon |     29 |     29 |      0 |      0 |     13 |   1 |   29.0 |
               +--------+--------+--------+--------+--------+-----+--------+

Top non-repeatable levels by time:
     D:1: 29 daAuts
